Cogmind - Beta 14 @@@ ROGUE MODE // 2024.11.12 @ 12:59:56 Player: Shimmyarah Result: Destroyed by G-34 Mercenary with Small Laser Performance ------------- Evolutions (0) 0 Regions Visited (1) 200 Robots Destroyed (24) 120 Value Destroyed (422) 422 Prototype IDs (0) 0 Alien Tech Used (0) 0 Bonus (0) 0 TOTAL SCORE: 742 Bonus ------- None Cogmind --------- Core Integrity 0/250 Matter 188/300 Energy 100/100 System Corruption 0% Temperature Cool (12) Movement Walking (330) Ox3 Location -10/Materials Parts ------- > --- POWER (1) -------- (None) > --- PROPULSION (2) --- Improved Aluminum Leg Improved Aluminum Leg > --- UTILITY (2) ------ Huge Storage Unit Core Shielding > --- WEAPON (2) ------- Improved Light Cannon Improved Light Cannon > --- INVENTORY (25) --- Improved Treads Improved Treads Improved Treads Improved Treads Aluminum Leg Improved Aluminum Leg Cooling System Structural Scanner Sensor Array Improved Terrain Scanner Seismic Detector Light Cannon Light Cannon Improved Light Cannon Improved Light Cannon Improved Light Cannon Improved Light Cannon Improved Light Cannon Improved Light Cannon Mining Laser Peak State ------------ > --- POWER ------------ Ion Engine > --- PROPULSION ------- Improved Aluminum Leg Improved Aluminum Leg > --- UTILITY ---------- Huge Storage Unit Seismic Detector > --- WEAPON ----------- Improved Light Cannon Improved Light Cannon > --- INVENTORY -------- Light Treads Light Treads Improved Treads Improved Treads Improved Treads Improved Treads Aluminum Leg Improved Aluminum Leg Improved Aluminum Leg Cooling System Small Storage Unit Structural Scanner Improved Terrain Scanner Core Shielding EM Shotgun Light Cannon Light Cannon Improved Light Cannon Improved Light Cannon Improved Light Cannon Improved Light Cannon Improved Light Cannon Improved Light Cannon Mining Laser [Rating: 15] Favorites ----------- Power Ion Engine Engine Ion Engine Propulsion Aluminum Leg Leg Aluminum Leg Utility Huge Storage Unit Device Seismic Detector Storage Huge Storage Unit Protection Core Shielding Weapon Improved Light Cannon Energy Gun Medium Laser Ballistic Gun Assault Rifle Ballistic Cannon Improved Light Cannon Special Weapon Mining Laser Build | -11 -10 ------- Run | Yrd Mat Slots Evolved . | . . Power . | . . Propulsion . | . . Utility . | . . Weapon . | . . Parts Attached 23 | 8 15 Power 3 | 2 1 Engine 3 | 2 1 Core . | . . Reactor . | . . Propulsion 5 | 2 3 Treads . | . . Leg 5 | 2 3 Wheel . | . . Hover . | . . Flight . | . . Utility 4 | 2 2 Device 1 | 1 . Storage 2 | 1 1 Processor . | . . Hackware . | . . Protection 1 | . 1 Artifact . | . . Weapon 11 | 2 9 Energy Gun 2 | 1 1 Energy Cannon . | . . Ballistic Gun 1 | 1 . Ballistic Cannon 7 | . 7 Launcher . | . . Special Weapon 1 | . 1 Impact Weapon . | . . Slashing Weapon . | . . Piercing Weapon . | . . Special Melee Weapon . | . . Unidentified Prototypes . | . . Parts Lost 6 | . 6 Power 2 | . 2 Propulsion 2 | . 2 Utility . | . . Weapon 2 | . 2 Highest Loss Streak 2 | . 2 To Critical Strikes . | . . Average Slot Usage (%) 96 | . 96 Engine 13 | . 13 Leg 26 | . 26 Device 13 | . 13 Storage 14 | . 14 Energy Gun 1 | . 1 Ballistic Gun 5 | . 5 Ballistic Cannon 18 | . 18 Special Weapon 1 | . 1 Peak Build Rating 15 | 7 15 Average Rating 10 | 5 11 On Entrance 3 | . 7 Naked Turns . | . . Heaviest Build 94 | 15 94 Greatest Support 26 | 20 26 Greatest Overweight (x) 30 | 1 30 Average Overweight (x) 2 | . 3 Largest Inventory Capacity 25 | 8 25 Average Capacity 23 | 7 24 Most Carried 25 | 8 25 Average Carried 18 | 5 19 Final Capacity 25 | 8 25 Final Carried 20 | 6 20 Class Distribution -------------------- 100% | Mutant Dominant Class ---------------- Mutant | -10/Materials Resources | -11 -10 ----------- Run | Yrd Mat Matter Collected 605 | 297 308 Remotely . | . . Salvage Created 703 | 180 523 Parts 54 | 11 43 Haulers Intercepted . | . . Recyclers Shooed 3 | . 3 Parts Field Recycled . | . . Retrieved Matter . | . . Parts Self-Destructed . | . . Prevented . | . . Kills | -11 -10 ------- Run | Yrd Mat Combat Hostiles Destroyed 13 | . 13 Guns 3 | . 3 Cannons 10 | . 10 Classes Destroyed 6 | 2 4 Builder 2 | . 2 Tunneler 4 | 4 . Recycler 3 | 1 2 Watcher 2 | . 2 Swarmer 6 | . 6 Grunt 7 | . 7 Best Kill Streak 4 | 2 4 Combat Bots Only 3 | . 3 Max Kills in Single Turn 1 | 1 1 Gunslinging . | . . Exploded . | . . Melee . | . . Uniques/NPCs Destroyed . | . . Combat | -11 -10 -------- Run | Yrd Mat Hostile Shots Fired 154 | . 154 Missed 42 | . 42 Damage Taken 1210 | . 1210 Core 256 | . 256 Absorbed by Shields . | . . Redirected to Shielding 4 | . 4 Core Remaining (%) 100 | 100 . Volleys Fired 62 | 9 53 Largest 2 | 2 2 Hottest 100 | 70 100 Shots Fired 117 | 18 99 Gun 55 | 18 37 Cannon 59 | . 59 Launcher . | . . Special 3 | . 3 Kinetic 86 | 9 77 Thermal 12 | 9 3 Explosive . | . . Electromagnetic 19 | . 19 Robot Hit Streak 10 | 3 10 Robot Miss Streak 7 | 2 7 Penetration Max . | . . Secondary Targets . | . . Shots Hit Robots 61 | 9 52 Core Hits 32 | 6 26 Critical Kills . | . . Critical Parts Destroyed . | . . Critical Strikes 2 | . 2 Blast 2 | . 2 Melee Attacks . | . . Impact . | . . Slashing . | . . Piercing . | . . Sneak Attacks . | . . Combat Hostiles . | . . Follow-up Attacks . | . . Damage Inflicted 1025 | 129 896 Guns 463 | 129 334 Cannons 556 | . 556 Explosions . | . . Melee . | . . Ramming 6 | . 6 Kinetic 787 | 65 722 Thermal 64 | 64 . Explosive . | . . Electromagnetic 168 | . 168 Impact . | . . Slashing . | . . Piercing . | . . Highest Corruption . | . . Average Corruption . | . . Corruption Purged . | . . Corruption Blocked . | . . Overload Shots . | . . Overflow Damage . | . . Projectiles . | . . Explosions . | . . Melee . | . . Knockbacks 7 | . 7 Impact . | . . Kinetic 7 | . 7 Secondary . | . . Self-Inflicted Damage . | . . Shots . | . . Rammed . | . . Targets Rammed 1 | . 1 Kicked 1 | . 1 Crushed . | . . Highest Temperature 126 | 27 126 Average Temperature 43 | 11 48 Received Heat Transfer 528 | . 528 Siege Activations . | . . Robots Corrupted . | . . Combat Hostiles . | . . Parts Fried . | . . Impact Corruptions . | . . Robots Melted . | . . Combat Hostiles . | . . Parts Melted 1 | 1 . Heat Transferred 185 | 185 . Parts Sabotaged . | . . Parts Stolen . | . . Parts Stripped . | . . Power Chain Reactions . | . . Alert | -11 -10 ------- Run | Yrd Mat Peak Influence 226 | 25 226 Initial 16 | . 16 Average 65 | 10 70 Maximum Alert Level 1 | . 1 Low Security (%) 97 | 100 97 Level 1 2 | . 2 Level 2 . | . . Level 3 . | . . Level 4 . | . . Level 5 . | . . High Security . | . . Max Security . | . . Squads Dispatched 3 | . 3 Investigation 3 | . 3 Extermination . | . . Reinforcement . | . . Assault . | . . Garrison . | . . Intercept . | . . Searches Triggered . | . . Construction Impeded . | . . Haulers Reinforced . | . . Active Scanning Responses . | . . Cargo Convoy Interrupts . | . . Stealth | -11 -10 --------- Run | Yrd Mat Distress Signals 2 | . 2 Communications Jammed . | . . Distress Signals . | . . Times Spotted 29 | . 29 Peak Tracking Total 5 | . 5 Tactical Retreats 2 | . 2 Traps | -11 -10 ------- Run | Yrd Mat Traps Triggered 4 | . 4 Indirectly . | . . Trap Hack Attempts . | . . Triggered . | . . Disarmed . | . . Reprogrammed . | . . Reused . | . . Traps Extracted . | . . Installed . | . . Triggered . | . . Machines | -11 -10 ---------- Run | Yrd Mat Machines Disabled 1 | . 1 Max in Single Turn 1 | . 1 Machines Repaired . | . . Machines Dismantled . | . . Machines Sabotaged . | . . Overloaded Fab Kills . | . . Hacking | -11 -10 --------- Run | Yrd Mat Machines Accessed 8 | . 8 Terminals 8 | . 8 Fabricators . | . . Repair Stations . | . . Recycling Units . | . . Scanalyzers . | . . Garrison Access . | . . Total Hacks 18 | . 18 Successful 10 | . 10 Failed 8 | . 8 Catastrophic 1 | . 1 Database Lockouts . | . . Manual 17 | . 17 Terminals 18 | . 18 Fabricators . | . . Repair Stations . | . . Recycling Units . | . . Scanalyzers . | . . Garrison Access . | . . Terminal Hacks 2 | . 2 Robot Analysis 1 | . 1 Terminal Index 1 | . 1 Fabricator Hacks . | . . Repair Station Hacks . | . . Recycling Unit Hacks . | . . Scanalyzer . | . . Garrison Access Hacks . | . . Unauthorized Hacks 8 | . 8 Terminals 8 | . 8 Track 1 | . 1 Operators 1 | . 1 Skim 6 | . 6 Fabricators . | . . Repair Stations . | . . Recycling Units . | . . Scanalyzers . | . . Garrison Access . | . . Data Cores Recovered . | . . Used . | . . Hacking Detections 7 | . 7 Full Trace Events . | . . Feedback Events . | . . Feedback Blocked . | . . Robot Schematics Acquired . | . . Robots Built . | . . Authchips . | . . Time . | . . Total Robot Build Rating . | . . Part Schematics Acquired . | . . Parts Built . | . . Authchips . | . . Time . | . . Total Part Build Rating . | . . Parts Repaired . | . . Time . | . . Parts Recycled . | . . Recycled Matter . | . . Retrieved Matter . | . . Retrieved Components . | . . Parts Scanalyzed . | . . Part Schematics Acquired . | . . Parts Damaged . | . . Bothacking | -11 -10 ------------ Run | Yrd Mat Used RIF Installer . | . . Robots Hacked . | . . Non-combat . | . . Combat . | . . Robot Hacks Applied . | . . Relay Couplers Released . | . . Fabnet Peak Effective % . | . . Robots Rewired . | . . Allies Hacked . | . . Hacks Repelled . | . . Allies | -11 -10 -------- Run | Yrd Mat Total Allies . | . . Largest Group . | . . Highest-Rated Group . | . . Highest-Rated Ally . | . . Total Orders . | . . Ally Attacks . | . . Total Damage . | . . Kills . | . . Allies Corrupted . | . . Allies Melted . | . . Intel | -11 -10 ------- Run | Yrd Mat Robot Analysis Total 1 | . 1 Derelict Logs Recovered . | . . Drone Launches . | . . Drone Recoveries . | . . Exploration | -11 -10 ------------- Run | Yrd Mat Turns Passed 1918 | 148 1770 Spaces Moved 521 | 90 431 Core 19 | 14 5 Treads . | . . Legs 502 | 76 426 Wheels . | . . Hover . | . . Flight . | . . Fastest Speed 50 | 50 120 Average Speed 317 | 111 360 Slowest Speed 1550 | 120 1550 Overloaded Moves . | . . Propulsion Burnouts . | . . Robots Hopped . | . . Cave-ins Triggered . | . . Exploration Rate (%) 41 | 5 77 Regions Visited 1 Branch Regions . Pre-discovered Areas . | . . Known Exits Taken . | . . Unknown Exits Taken 1 | 1 . Scrap Searched . | . . Spaces Dug 3 | . 3 Terrain Destroyed 4 | . 4 Melee . | . . Projectile 4 | . 4 AOE . | . . Terrain Rammed . | . . Walls Destroyed . | . . Machines Disabled . | . . Actions | -11 -10 --------- Run | Yrd Mat Total 660 | 118 542 Wait . | . . Move 520 | 89 431 Hop . | . . Pick Up 41 | 11 30 Fast Attach 4 | 3 1 Attach 11 | 4 7 Detach . | . . Swap 8 | 1 7 Drop 13 | 1 12 Fire 62 | 9 53 Melee . | . . Ram . | . . Kick 1 | . 1 Crush . | . . Escape Stasis . | . . Rewire . | . . Trap . | . . Miscellaneous . | . . Route ------- -11/Scrapyard -10/Materials (discovered 4 exits: [*Mat x3] / [*Min]) History --------- Turn | Location | Event 16 | -11/Scrapyard | Discovered new exit (range 16) 149 | -11/Scrapyard | Entered Materials 309 | -10/Materials | Build established: Mutant 502 | -10/Materials | Discovered new exit (range 4) 808 | -10/Materials | Discovered new exit (range 14) 862 | -10/Materials | Core integrity fell below 50% 987 | -10/Materials | Core integrity fell below 20% 1331 | -10/Materials | Discovered new exit (range 6) 1788 | -10/Materials | Discovered new exit (range 3) 1919 | -10/Materials | Destroyed by G-34 Mercenary with Small Laser Last Messages --------------- Testing... Terminal linked with 3 systems. Please expand to 1 more system! 01788_ EXIT=FOUND 01847_ Connecting with Terminal... >>Trojan(Skim) Trojan loaded successfully. Testing... Terminal linked with 4 systems. Skimming routine engaged. Thanks from A0-MCA. 01849_ Dropped Lgt. Treads. 01850_ Dropped Imp. Aluminum Leg. 01850_ Dropped Sml. Storage Unit. 01851_ Dropped EM Shotgun. 01900_ W-16 Scout destroyed. 01906_ Triggered Alarm Trap. 01906_ An alarm sounds. 01906_ ALERT: Alarm triggered, dispatching investigation squad. 01917_ Ion Engine destroyed. Map ----- +----------------------------------------------------+ | ????????????????????????# #= #? | | ???????????????????????? ###########? | | ???????????????????????? ???????????? | | ???????????????????????? ???????????? | | ????????????????????????# ???????????? | | ????????????????????????? ???????????? | | ???????????????????????????????????????? | | ???????????????????????????????????? | | ???????????????????????????????????? < | | ???????????????????????????????????? | | #######???????????????????????????? | | # ! #?????????????????????????????###? | | # ###############???????####???????? | | # # ?????? ??????? | | # # ????? ??????? | | #!!= # ????????? ??????? | | #!!= + #????????????????# #??????## | | #!== # #????????????????# #???????? | | # =[# #????????????????# #???????? | | # ""=!# #????????????????# #???????? | | # "T= # #????????????????# %#???##### | | # "" # #????????????????# #??! | | # # #???????????????## ##?[ | | ####### ################# #! ?? | | ??????# *%= a # ???? | | ??????# g @ = T + ?????? | | ??????# g g % % #??????? | | ??????# ########;####+### #??????? | | ??????# ###########% *=## %##??????? | | ??????# # ## % ## #???????? | | ??????# + ## ## #???????? | | ??????# # ## ## ######### | | ??????# < # """ ## %## | | ??????# # """"" ## =## ######## | | ??????##### """"" "## [*+ #??????# | | ??????????# """"" T## =### #??????# | | ??????????# """ "## #?# ????# | | ??????????# ## #?#! !#??# | | ??????????########### #?##!!!!##??# | | ????????????????????# #??######???## | | ????????????????????#######????????????? | | ???????????????????????????????????????? | | ???????????????????????????????????????? | | ???????????????????????????????????????? | | ???????????????????????????????????????? | | | | | | | | | | | +----------------------------------------------------+ Best States ------------- Heat Dissipation 25 Energy Generation 10 Energy Capacity 250 Matter Stores 300 Matter Capacity 300 Sight Range 16 Terrain Scan Density 10 Core Shielding 20 Evasion (%) 55 Item Schematics ----------------- None Robot Schematics ------------------ None Fabricated ------------ Nothing Alien Tech Used ----------------- None Achievements -------------- None Challenges ------------ None Game ------ Seed OmegaAssemblyWheel Manual? 0 Play Time 00:11:41 Cumulative 38.0 hours Start 2024.11.12 @ 12:49:09 End 2024.11.12 @ 12:59:56 Sessions 1 Manual Loads 0 Difficulty Rogue Special Mode None Game No. 75 Rogue 75 Adventurer 0 Explorer 0 Win Type - Total 0 Types 0/0/0/0/0/0/0/0/0 Lore% 15 Gallery% 26 Achievement% 24 Wizard Run 0 Options --------- Layout 1 ASCII 0 Keyboard 0 Movement Mouse Keybinds 0 Fullscreen 1 Font 24/Smallcaps Map View 50x40 Zoom Use 0% Tactical HUD 1 Map Filters NONE Filters NONE Steam 1 RUN: fb9e6a4c-a3d9-4805-933a-20dfa01e75a6